 Dungeon Crawl Stone Soup version 0.32-a0-12-g7fc57aa741 (webtiles) character file.

Game seed: 15013209853269821481

2261 croobank the Reanimator (level 9, 0/69 HPs)
             Began as a Gnoll Necromancer on Jan 14, 2024.
             Succumbed to a killer bee's poison
             ... on level 6 of the Dungeon.
             The game lasted 00:29:00 (5846 turns).

croobank the Reanimator (Gnoll Necromancer)         Turns: 5846, Time: 00:29:01

Health: 0/69       AC:  5    Str:  7    XL:     9   Next: 38%
Magic:  17/20      EV: 14    Int: 23    God:
Gold:   122        SH:  0    Dex: 11    Spells: 18/23 levels left

rFire   + . .        e - +1 dagger (vamp)
rCold   + . .        (no shield)
rNeg    + + .        k - +2 robe {rN+}
rPois   +            (no helmet)
rElec   +            (no cloak)
rCorr   +            s - +0 pair of gloves
SInv    .            (no boots)
Will    .....        (no amulet)
Stlth   +++          c - ring of positive energy
HPRegen 0.31/turn    (no ring)
MPRegen 0.17/turn

%: no passive effects
@: lethally poisoned (0 -> -8), resistant
A: fangs 1, strong nose, distributed training, clever 1, no potion heal 1
a: no special abilities


You were on level 6 of the Dungeon.
You visited 1 branch of the dungeon, and saw 6 of its levels.
You also visited: Sewer.

You collected 357 gold pieces.
You spent 235 gold pieces at shops.

Inventory:

Hand Weapons
 d - a +0 vampiric rapier
 e - a +1 vampiric dagger (weapon)
Armour
 a - a +0 robe
 g - a +0 leather armour
 k - a +2 robe of positive energy (worn)
 l - a +0 ring mail
 s - a +0 pair of gloves (worn)
Jewellery
 c - a ring of positive energy (left hand)
 C - a ring of ice
Talismans
 i - a blade talisman
Wands
 x - a wand of flame (10)
 y - a wand of iceblast (8)
 z - a wand of light (11)
Scrolls
 m - a scroll of fear
 o - a scroll of brand weapon
Potions
 b - a potion of magic
 f - 2 potions of haste
 p - 3 potions of lignification
 r - a potion of cancellation
 u - a potion of resistance
 B - a potion of invisibility {unknown}
 D - a potion of berserk rage {unknown}


   Skills:
 + Level 5.7 Fighting
 + Level 5.7 Short Blades
 + Level 5.7 Long Blades
 + Level 5.7 Axes
 + Level 5.7 Maces & Flails
 + Level 5.7 Polearms
 + Level 5.7 Staves
 + Level 5.7 Ranged Weapons
 + Level 5.7 Throwing
 + Level 5.7 Armour
 + Level 7.4 Dodging
 + Level 7.1 Stealth
 + Level 5.7 Shields
 + Level 5.7 Unarmed Combat
 + Level 7.6 Spellcasting
 + Level 4.7 Conjurations
 + Level 4.7 Hexes
 + Level 4.7 Summonings
 + Level 8.6 Necromancy
 + Level 4.7 Translocations
 + Level 4.7 Fire Magic
 + Level 4.7 Ice Magic
 + Level 4.7 Air Magic
 + Level 4.7 Earth Magic
 + Level 4.7 Alchemy
 + Level 6.2 Invocations
 + Level 5.7 Evocations
 + Level 5.2 Shapeshifting


You had 18 spell levels left.
You knew the following spells:

 Your Spells              Type           Power      Damage    Failure   Level
a - Necrotise             Necr           100%       1d9       1%          1
A - Animate Dead          Necr           48%        N/A       1%          4

Your spell library contained the following spells:

 Spells                   Type           Power      Damage    Failure   Level
 Magic Dart               Conj           100%       1d8       1%          1
 Shock                    Conj/Air       100%       1d9       1%          1
 Call Imp                 Summ           60%        N/A       1%          2
 Searing Ray              Conj           60%        2d6       1%          2
 Sublimation of Blood     Necr           48%        N/A       1%          2
 Fugue of the Fallen      Necr           48%        N/A       1%          3
 Vampiric Draining        Necr           48%        2d9       1%          3
 Ozocubu's Armour         Ice            30%        N/A       3%          3
 Curse of Agony           Necr           48%        N/A       6%          5
 Flame Wave               Conj/Fire      30%        2d9       11%         4
 Fulminant Prism          Conj/Alch      15%        3d10      11%         4
 Manifold Assault         Tloc           30%        N/A       11%         4
 Summon Blazeheart Golem  Fire/Summ      30%        N/A       11%         4
 Summon Forest            Summ/Tloc      15%        N/A       28%         5
 Conjure Ball Lightning   Conj/Air       15%        3x3d6     85%         6
 Summon Cactus Giant      Summ           15%        N/A       85%         6
 Orb of Destruction       Conj           15%        9d7       100%        7
 Spellforged Servitor     Conj/Summ      15%        N/A       100%        7
 Summon Hydra             Summ           15%        N/A       100%        7
 Lehudib's Crystal Spear  Conj/Erth      15%        10d5      100%        8


Dungeon Overview and Level Annotations

Branches:
Dungeon (6/15)              Sewer (visited)
 Temple: D:4-7

Altars:
Sif Muna

Shops:
D:3 :   D:4 !=(*!

Annotations:
D:3 1 runed translucent door, osoart's ghost, amateur SpAl
D:5 2 transporters, miscthings's ghost, novice OnSh


Innate Abilities, Weirdness & Mutations

You have very sharp teeth.
Your uncanny sense of smell can sniff out nearby items.
Your experience applies equally to all skills.
Your mind is acute. (Int +4, Str/Dex -1)
Potions are less effective at restoring your health.


Message History

Your Unarmed Combat skill gained 2 levels and is now at level 5!
Your Spellcasting skill increases to level 7!
Your Conjurations skill gained 2 levels and is now at level 4!
Your Hexes skill gained 2 levels and is now at level 4!
Your Summonings skill gained 2 levels and is now at level 4!
Your Necromancy skill increases to level 8!
Your Translocations skill gained 2 levels and is now at level 4!
Your Fire Magic skill gained 2 levels and is now at level 4!
Your Ice Magic skill gained 2 levels and is now at level 4!
Your Air Magic skill gained 2 levels and is now at level 4!
Your Earth Magic skill gained 2 levels and is now at level 4!
Your Alchemy skill gained 2 levels and is now at level 4!
Your Invocations skill gained 3 levels and is now at level 6!
Your Evocations skill gained 2 levels and is now at level 5!
Your Shapeshifting skill gained 2 levels and is now at level 5!
You have reached level 9!
Your experience leads to an increase in your attributes!
Your base attributes are Str 8, Int 17, Dex 12.
Increase (S)trength, (I)ntelligence, or (D)exterity?
You feel clever. x2
* * * LOW HITPOINT WARNING * * *
You feel very sick. The killer bee misses you.
The killer bee stings you but does no damage.
The killer bee stings your killer bee zombie.
Your killer bee zombie misses the killer bee.
The killer bee stings your killer bee zombie!
Your killer bee zombie is destroyed!
The killer bee stings you but does no damage.
The killer bee closely misses you.
The killer bee buzzes angrily.
Okay, then.
Okay, then.
As you read the scroll of fear, it crumbles to dust.
You assume a fearsome visage.
The killer bee looks frightened! x3
* * * LOW HITPOINT WARNING * * *
You feel very sick.
It was a potion of resistance.
You feel protected.
You die...

#................##
#..[...>..........#
................#.##
...........#...##..#
#...#############.#
#.. ##.## ##.###.#
#...# #...##.# ∆
##...###...##.#
#.@#..#..#..#.#
#y###.#.###.#.# ...
#...# #...# ?>y.#
##.## ##..# ....y.
#.# #.## ##...# ###
### #... #... ∆


You could see 3 killer bees.

Vanquished Creatures
  An ogre (D:5)
  A centaur (D:3)
  3 kobold brigands (Sewer)
  Blork the orc (D:4)
  A gnoll sergeant (D:5)
  A scorpion (D:5)
  2 killer bees (D:6)
  A sleepcap (D:5)
  An orc wizard (D:5)
  3 gnolls (D:5)
  2 river rats (Sewer)
  5 adders
  2 white imps
  3 ufetubi
  2 dart slugs
  2 ribbon worms (D:2)
  7 orcs
  3 bats
  7 endoplasms
  6 giant cockroaches
  6 goblins
  6 hobgoblins
  9 jackals
  13 kobolds
  2 quokkas
  7 ball pythons
  5 frilled lizards
  18 rats
120 creatures vanquished.

Vanquished Creatures (collateral kills)
  A black bear (D:5)
  A kobold brigand (Sewer)
  2 river rats
  2 orcs
  2 endoplasms (D:4)
  A giant cockroach (D:4)
  A hobgoblin (D:4)
  2 ball pythons (Sewer)
  2 bats
  2 frilled lizards
  3 kobolds
  5 rats (Sewer)
24 creatures vanquished.

Vanquished Creatures (others)
  2 killer bee zombies (D:6)
  3 kobold zombies
  A river rat zombie (Sewer)
  2 ball python zombies
  2 endoplasm zombies (D:4)
  A frilled lizard zombie (Sewer)
  A jackal zombie (D:4)
  4 orc zombies
  3 rat zombies (Sewer)
19 creatures vanquished.

Grand Total: 163 creatures vanquished

Notes
Turn   | Place    | Note
-------+----------+-------------------------------------------
     0 | D:1      | croobank the Gnoll Necromancer began the quest for the Orb.
     0 | D:1      | Reached XP level 1. HP: 13/13 MP: 6/6
   153 | D:1      | Found a faded altar of an unknown god.
   157 | D:1      | Reached XP level 2. HP: 19/19 MP: 5/7
   294 | D:1      | You fall into a shaft and drop 1 floor!
   541 | D:1      | Reached skill level 5 in Spellcasting
   541 | D:1      | Reached XP level 3. HP: 25/25 MP: 6/9
  1054 | D:2      | Reached skill level 1 in Invocations
  1306 | D:2      | Reached skill level 1 in Fighting
  1306 | D:2      | Reached skill level 1 in Short Blades
  1306 | D:2      | Reached skill level 1 in Long Blades
  1306 | D:2      | Reached skill level 1 in Axes
  1306 | D:2      | Reached skill level 1 in Maces & Flails
  1306 | D:2      | Reached skill level 1 in Polearms
  1306 | D:2      | Reached skill level 1 in Staves
  1306 | D:2      | Reached skill level 1 in Ranged Weapons
  1306 | D:2      | Reached skill level 1 in Throwing
  1306 | D:2      | Reached skill level 1 in Armour
  1306 | D:2      | Reached skill level 1 in Shields
  1306 | D:2      | Reached skill level 1 in Unarmed Combat
  1306 | D:2      | Reached skill level 1 in Evocations
  1434 | D:2      | Found a shimmering blue altar of Sif Muna.
  1792 | D:3      | Found a runed translucent door.
  1806 | D:3      | Reached skill level 1 in Shapeshifting
  1806 | D:3      | Reached XP level 4. HP: 32/32 MP: 9/11
  1833 | D:3      | Noticed a centaur
  1851 | D:3      | Killed a centaur
  1852 | D:3      | Reached skill level 1 in Conjurations
  1852 | D:3      | Reached skill level 1 in Hexes
  1852 | D:3      | Reached skill level 1 in Summonings
  1852 | D:3      | Reached skill level 1 in Translocations
  1852 | D:3      | Reached skill level 1 in Fire Magic
  1852 | D:3      | Reached skill level 1 in Ice Magic
  1852 | D:3      | Reached skill level 1 in Air Magic
  1852 | D:3      | Reached skill level 1 in Earth Magic
  1852 | D:3      | Reached skill level 1 in Alchemy
  1852 | D:3      | Reached XP level 5. HP: 15/37 MP: 4/12
  2086 | D:3      | Noticed osoart's ghost (amateur SpAl)
  2153 | D:3      | Found Beano's Book Boutique.
  2248 | D:3      | Learned a level 4 spell: Animate Dead
  2467 | D:4      | Found Buqoxt's Weapon Shop.
  2568 | D:4      | Noticed Blork the orc
  2583 | D:4      | Killed Blork the orc
  2584 | D:4      | Reached skill level 5 in Dodging
  2584 | D:4      | Reached XP level 6. HP: 34/44 MP: 8/14
  2596 | D:4      | Found Kuimn's Assorted Antiques.
  2601 | D:4      | Found a glowing drain.
  2619 | Sewer    | Entered a sewer
  3003 | Sewer    | Reached XP level 7. HP: 42/51 MP: 15/15
  3120 | Sewer    | Reached skill level 5 in Stealth
  3521 | D:4      | Bought an emerald potion for 20 gold pieces
  3521 | D:4      | Bought a silvery potion for 20 gold pieces
  3521 | D:4      | Bought a clear potion for 20 gold pieces
  3521 | D:4      | Bought a scroll labelled CEHIR NIGONING for 23 gold pieces
  3521 | D:4      | Bought 2 scrolls labelled SETSYT FALAGIF for 46 gold pieces
  3521 | D:4      | Bought a blackened lead wand for 92 gold pieces
  3691 | D:4      | Found Baed's Distillery.
  3746 | D:4      | Found Nimir's Jewellery Shop.
  3771 | D:4      | Found Biti's Distillery.
  3777 | D:4      | Bought a potion of degeneration for 14 gold pieces
  4126 | D:5      | Entered Level 5 of the Dungeon
  4207 | D:5      | Reached XP level 8. HP: 42/58 MP: 16/16
  4333 | D:5      | Found a transporter.
  4338 | D:5      | Found a transporter.
  4338 | D:5      | Noticed miscthings's ghost (novice OnSh)
  4339 | D:5      | Noticed a hornet
  4361 | D:5      | Identified a scroll of acquirement
  4361 | D:5      | Acquired Sif Muna's Secrets of Radiant Accomplices
  5842 | D:6      | Gained mutation: Potions are less effective at restoring
                  | your health. [potion of mutation]
  5842 | D:6      | Gained mutation: Your mind is acute. (Int +4, Str/Dex -1)
                  | [potion of mutation]
  5844 | D:6      | Reached skill level 5 in Fighting
  5844 | D:6      | Reached skill level 5 in Short Blades
  5844 | D:6      | Reached skill level 5 in Long Blades
  5844 | D:6      | Reached skill level 5 in Axes
  5844 | D:6      | Reached skill level 5 in Maces & Flails
  5844 | D:6      | Reached skill level 5 in Polearms
  5844 | D:6      | Reached skill level 5 in Staves
  5844 | D:6      | Reached skill level 5 in Ranged Weapons
  5844 | D:6      | Reached skill level 5 in Throwing
  5844 | D:6      | Reached skill level 5 in Armour
  5844 | D:6      | Reached skill level 5 in Shields
  5844 | D:6      | Reached skill level 5 in Unarmed Combat
  5844 | D:6      | Reached skill level 8 in Necromancy
  5844 | D:6      | Reached skill level 5 in Evocations
  5844 | D:6      | Reached skill level 5 in Shapeshifting
  5844 | D:6      | Reached XP level 9. HP: 7/69 MP: 17/20
  5845 | D:6      | HP: 2/69 [poisoned by a killer bee]
  5846 | D:6      | Succumbed to a killer bee's poison

Illustrated notes

Levels and vault maps discovered:
D:1:      psy_arrival_basics, layout_loops_ring,
          hellmonk_ecumenical_altar_dog_temple
D:2:      layout_loops_ring, basic_altar
D:3:      layout_rooms, ebering_ghost_sewer_d, serial_shops,
          nicolae_shop_back_alley_shop, minmay_misc_feat_alley,
          dk_noncrumbling_2
D:4:      layout_cave_pools, mainiacjoe_sewer_entry_somewhere_in_here_1,
          serial_shops, shop, nicolae_shop_trees, shop, shop_statue,
          nicolae_shop_overgrown_old_shop, minmay_vboxes, uniq_blork_the_orc
D:5:      layout_basic, gammafunk_ghost_hive
D:6:      layout_rooms, serial_curves, eino_curves_01, eino_curves_01,
          eino_curves_03, eino_curves_02

Skill      XL: |  1  2  3  4  5  6  7  8 |
---------------+-------------------------+-----
Spellcasting   | 5 7 |  7.6
Invocations    | 1 2 3 6 |  6.2
Fighting       | 1 2 3 5 |  5.7
Short Blades   | 1 2 3 5 |  5.7
Long Blades    | 1 2 3 5 |  5.7
Axes           | 1 2 3 5 |  5.7
Maces & Flails | 1 2 3 5 |  5.7
Polearms       | 1 2 3 5 |  5.7
Staves         | 1 2 3 5 |  5.7
Ranged Weapons | 1 2 3 5 |  5.7
Throwing       | 1 2 3 5 |  5.7
Armour         | 1 2 3 5 |  5.7
Shields        | 1 2 3 5 |  5.7
Unarmed Combat | 1 2 3 5 |  5.7
Evocations     | 1 2 3 5 |  5.7
Shapeshifting  | 1 2 5 |  5.2
Conjurations   | 1 2 4 |  4.7
Hexes          | 1 2 4 |  4.7
Summonings     | 1 2 4 |  4.7
Translocations | 1 2 4 |  4.7
Fire Magic     | 1 2 4 |  4.7
Ice Magic      | 1 2 4 |  4.7
Air Magic      | 1 2 4 |  4.7
Earth Magic    | 1 2 4 |  4.7
Alchemy        | 1 2 4 |  4.7
Dodging        | 5 7 |  7.4
Stealth        | 5 7 |  7.1
Necromancy     | 8 |  8.6

Action                     |  1- 3 |  4- 6 |  7- 9 || total
---------------------------+-------+-------+-------++-------
  Melee: Rapier            |    22 |       |       ||    22
         Bite              |     1 |    12 |    16 ||    29
         Dagger            |     2 |   139 |   170 ||   311
         Punch             |       |     4 |     2 ||     6
   Cast: Necrotise         |    57 |    31 |    41 ||   129
         Animate Dead      |       |     4 |    11 ||    15
  Evoke: Wand              |       |       |     5 ||     5
    Use: Scroll            |     1 |     1 |    10 ||    12
         Potion            |       |     2 |    15 ||    17
   Stab: Sleeping          |     2 |     3 |     1 ||     6
 Armour: Robe              |    22 |   109 |   168 ||   299
         Skin              |       |       |    92 ||    92
  Dodge: Dodged            |    27 |   147 |   260 ||   434

Table legend: (Time is in decaauts)
 A = Elapsed time spent in this place.
 B = Non-inter-level travel time spent in this place.
 C = Inter-level travel time spent in this place.
 D = Time resting spent in this place.
 E = Time spent auto-exploring this place.
 F = Levels seen in this place.
 G = Mean time per level.
                   A        B        C        D        E       F      G
               +--------+--------+--------+--------+--------+-----+--------+
         Total |   5771 |   5641 |    130 |    948 |   3297 |   7 |  824.4 |
       Dungeon |   4884 |   4754 |    130 |    709 |   2936 |   6 |  814.0 |
         Sewer |    886 |    886 |      0 |    239 |    361 |   1 |  886.0 |
               +--------+--------+--------+--------+--------+-----+--------+

Top non-repeatable levels by time:
     D:5: 1068 daAuts
     D:2: 945 daAuts
   Sewer: 886 daAuts
     D:1: 830 daAuts
     D:4: 768 daAuts
     D:3: 690 daAuts
     D:6: 581 daAuts
